Match 42235942
Unlisted

Match 42235942
End
Construct Section Command Post
Royal Engineer Section
Dingo Light Scout Car
Dingo Light Scout Car
Dingo Light Scout Car
Dingo Light Scout Car
Infantry Section
Selects Heavy Armor Battlegroup
Selects Light Vehicle Withdraw and Refit
Grenade Package
Selects Rigorous Vehicle Training
Construct Platoon Command Post
Humber Armored Car
Light Vehicle Withdraw and Refit
Humber Armored Car
Light Vehicle Withdraw and Refit
Humber Armored Car
Infantry Section
Infantry Section
Light Vehicle Withdraw and Refit
Selects Forward Repair Assembly
Infantry Training
Unlock Bishop Self-propelled Artillery
Light Vehicle Withdraw and Refit
Bishop Self-propelled Artillery
Light Vehicle Withdraw and Refit
Selects Radio Net
Infantry Section
Bishop Self-propelled Artillery
Light Vehicle Withdraw and Refit
6-pounder Anti-tank Gun Team
CMP 15cwt Truck
[HAN]Diederick Kastner
Ace-sa
宇杰
帝国の突撃隊
12th SS Youth Panzer Division
MelonZbz
see you again
何人一笑
0
0

Comments sign in to comment!

No comments posted yet!